 Dungeon Crawl Stone Soup version 0.17-a0-1435-geafbe2f (webtiles) character file.

180 wotan the Ruffian (level 5, -15/44 (45) HPs)
             Began as a Ghoul Monk on June 26, 2015.
             Killed by divine providence
             ... invoked by an orc priest
              (16 damage)
             ... on level 3 of the Dungeon.
             The game lasted 00:05:27 (2734 turns).

wotan the Ruffian (Ghoul Monk)                      Turns: 2734, Time: 00:05:27

HP:   -15/44 (45)   AC:  7    Str: 15    XL:     5   Next: 60%
MP:   4/4           EV: 11    Int:  5    God:
Gold: 152           SH:  0    Dex: 12    Spells: 0 memorised, 4 levels left

rFire  . . .     SeeInvis .       - Unarmed
rCold  + . .     Clarity  .     h - +0 ring mail
rNeg   + + +     SustAt   +     (no shield)
rPois  ∞         Gourm    .     e - +0 helmet
rElec  .         Spirit   .     n - +0 cloak
rCorr  .         Warding  .     (no gloves)
rMut   .         Stasis   .     (no boots)
MR     .....                    (no amulet)
Stlth  +.........               (no ring)
                                l - ring of sustain attributes

@: rotting, not resistant to hostile enchantments, very unstealthy
A: rotting body, claws 1, carnivore 3, cold resistance 1, negative energy
resistance 3, slow healing 1, torment resistance, unbreathing
a: no special abilities


You were on level 3 of the Dungeon.
You were not hungry.

You visited 1 branch of the dungeon, and saw 3 of its levels.

You collected 152 gold pieces.

Inventory:

Missiles
 f - 27 poisoned needles
Armour
 e - a +0 helmet (worn)
 h - a +0 ring mail (worn)
 n - a +0 cloak (worn)
Jewellery
 l - a ring of sustain attributes (left claw)
Magical devices
 j - a wand of hasting (4)
 u - a wand of digging (11)
Scrolls
 c - a scroll of immolation {unknown}
 i - 3 scrolls of identify {unknown}
 k - a scroll of remove curse
 q - a scroll of random uselessness {unknown}
 r - a scroll of enchant weapon {unknown}
 t - a scroll of teleportation {unknown}
 v - a scroll of noise {unknown}
Potions
 a - 2 potions of lignification {unknown}
 d - a potion of might {unknown}
 g - a potion of degeneration {unknown}
 m - 3 potions of curing {unknown}
 o - a potion of heal wounds {unknown}
 p - a potion of haste {unknown}
 s - a potion of brilliance {unknown}
Comestibles
 b - a meat ration


   Skills:
 - Level 3.2 Fighting
 - Level 2.7 Dodging
 - Level 2.1 Stealth
 + Level 7.3 Unarmed Combat


You had 4 spell levels left.
You didn't know any spells.

Dungeon Overview and Level Annotations

Branches:
Dungeon (3/15)

Altars:


Innate Abilities, Weirdness & Mutations

Your body is rotting away.
You thrive on raw meat.
You are immune to poison.
You have sharp fingernails.
You are carnivorous and can eat meat at any time.
Your flesh is cold resistant.
You are immune to negative energy.
You heal slowly when monsters are visible.
You are immune to unholy pain and torment.
You can survive without breathing.


Message History

You kill the orc!
The orc priest mumbles some strange prayers to Beogh against you.
Something smites you!
The orc priest calls down the wrath of Beogh upon you.
Something smites you!
Items here: ) [[ † a ring mail; a flail of holy wrath; a ring mail; an orc corpse You completely miss the orc priest.
The orc priest calls down the wrath of Beogh upon you.
Something smites you!
* * * LOW HITPOINT WARNING * * *
You barely miss the orc priest. The orc priest barely misses you.
You claw the orc priest!
The orc priest begins to bleed from its wounds!
The orc priest is heavily wounded.
You scratch the orc priest. Your claw misses the orc priest.
The orc priest is almost dead.
The orc priest calls down the wrath of Beogh upon you.
Something smites you!
You die...

.....## ######### ###########
......#######.......###..........
.....................##..........
.....########....................
....### ###...#####..........
###...## #.#..###...........
##...## #.##.##..##########
##....# ###.##.#..## # #.....###
#>..@o..>## #
#.......###.#.##.### #
#....#...#..#.##.#
###....##....##.##.#
.......†......#.##.####
.#.....##.#...........###########
.##....##..#...###..#.)....##...#
.##....###.#...####..#####.....)#
........##...#..####.## #####...#


You could see an orc priest (bleeding).

Vanquished Creatures
  Crazy Yiuf (D:2)
  4 gnolls
  4 adders
  An ooze (D:1)
  2 worms
  2 giant geckos
  2 orcs (D:3)
  2 giant cockroaches
  6 goblins
  7 hobgoblins
  3 ball pythons
  5 bats
  3 giant newts
  11 jackals
  8 kobolds
  2 quokkas (D:2)
  7 rats
70 creatures vanquished.

Notes
Turn   | Place    | Note
--------------------------------------------------------------
     0 | D:1      | wotan the Ghoul Monk began the quest for the Orb.
     0 | D:1      | Reached XP level 1. HP: 19/19 MP: 0/0
   144 | D:1      | Reached XP level 2. HP: 26/26 MP: 1/1
   215 | D:1      | Reached skill level 5 in Unarmed Combat
   404 | D:1      | Reached XP level 3. HP: 17/31 MP: 2/2
  1315 | D:2      | Reached skill level 6 in Unarmed Combat
  1315 | D:2      | Reached XP level 4. HP: 36/36 MP: 3/3
  1773 | D:2      | Noticed Crazy Yiuf
  1781 | D:2      | Killed Crazy Yiuf
  1970 | D:2      | Reached XP level 5. HP: 42/42 MP: 4/4
  2255 | D:3      | Reached skill level 7 in Unarmed Combat
  2731 | D:3      | HP: 1/44 [orc priest/divine providence (14)]
  2734 | D:3      | Killed from afar by an orc priest

Vault maps used:
D:1:      lemuel_arrival_broad_hall
D:2:      hangedman_abyss_or_decor_stabs, uniq_crazy_yiuf_cottage

Action                   |  1- 3 |  4- 6 || total
-------------------------+-------+-------++-------
Melee: Unarmed           |    98 |    93 ||   191
  Use: Scroll            |       |     1 ||     1
 Stab: Sleeping          |     2 |     1 ||     3
  Eat: Chunk             |     4 |     6 ||    10
